 Dungeon Crawl Stone Soup version 0.27-a0-1232-gc6a4cbde82 (webtiles) character file.

Game seed: 11518415474317617347

154 ZappyNine the Ruffian (level 5, -5/42 HPs)
             Began as a Draconian Transmuter on June 8, 2021.
             Slain by Duvessa
             ... wielding a +0 rapier
              (7 damage)
             ... on level 4 of the Dungeon.
             The game lasted 00:03:16 (3286 turns).

ZappyNine the Ruffian (Draconian Transmuter)        Turns: 3286, Time: 00:03:16

Health: -5/42      AC:  5    Str: 13    XL:     5   Next: 13%
Magic:  7/9        EV: 12    Int: 13    God:
Gold:   89         SH:  0    Dex: 12    Spells: 4/10 levels left

rFire    . . .     SeeInvis .     - Unarmed
rCold    . . .     Faith    .   (no shield)
rNeg     . . .     Spirit   .   (armour unavailable)
rPois    .         Reflect  .   (helmet currently unavailable)
rElec    .         Harm     .   (no cloak)
rCorr    .         Rampage  .   (no gloves)
Will     .....                  (boots currently unavailable)
Stlth    +.........             (no amulet)
HPRegen  0.14/turn              (no ring)
MPRegen  0.11/turn              (no ring)

@: appendages (expiring), wereblooded
A: horns 2, talons 2, AC +5, unfitting armour, cold-blooded
a: End Transformation


You were on level 4 of the Dungeon.
You had temporarily grown beastly horns and talons.
You visited 1 branch of the dungeon, and saw 4 of its levels.

You collected 89 gold pieces.

Inventory:

Scrolls
 a - 2 scrolls of noise
Potions
 b - a potion of attraction
 d - a potion of lignification {unknown}
 f - a potion of might
 g - a potion of mutation {unknown}


   Skills:
 - Level 2.7 Fighting
 - Level 1.7 Dodging
 - Level 3.8 Unarmed Combat
 - Level 3.0 Spellcasting
 - Level 3.1 Transmutations
 + Level 0.1 Poison Magic


You had 4 spell levels left.
You knew the following spells:

 Your Spells              Type           Power      Damage    Failure   Level
a - Beastly Appendage     Tmut           20%        N/A       6%          1
b - Wereblood             Tmut           10%        N/A       10%         2
c - Spider Form           Tmut/Pois      3%         N/A       34%         3

Your spell library contained the following spells:

 Spells                   Type           Power      Damage    Failure   Level
 Ice Form                 Ice/Tmut       6%         N/A       75%         4
 Hydra Form               Tmut           5%         N/A       86%         5


Dungeon Overview and Level Annotations

Branches:
Dungeon (4/15)
 Temple: D:4-7

Altars:
Xom

Shops:
D:1 *

Annotations:
D:4 Dowan, Duvessa


Innate Abilities, Weirdness & Mutations

You have temporarily grown beastly horns and talons.
Your plain brown scales are hard. (AC +5)
You cannot fit into any form of body armour.
You are cold-blooded and may be slowed by cold attacks.


Message History

Your transformation is almost over.
Duvessa barely misses you.
Dowan mumbles some strange words.
Dowan blinks!
You hit Duvessa but do no damage. You claw Duvessa.
Duvessa is lightly wounded.
Duvessa hits you with a +0 rapier.
Dowan mumbles some strange words.
Dowan blinks!
Unknown command.
You barely miss Duvessa. Your headbutt misses Duvessa.
Duvessa is lightly wounded.
Duvessa hits you with a +0 rapier!
Unknown command.
You hit Duvessa but do no damage. You claw Duvessa.
You headbutt Duvessa, but do no damage.
Duvessa is lightly wounded.
Duvessa hits you with a +0 rapier. x2
Unknown command.
You closely miss Duvessa.
Duvessa is lightly wounded.
Duvessa hits you with a +0 rapier!
* * * LOW HITPOINT WARNING * * *
Unknown command.
You hit Duvessa. You claw Duvessa. You headbutt Duvessa.
Your tail-slap misses Duvessa.
Duvessa is moderately wounded.
Duvessa closely misses you. Duvessa hits you with a +0 rapier.
* * * LOW HITPOINT WARNING * * *
Unknown command.
You hit Duvessa but do no damage. You claw Duvessa, but do no damage.
You headbutt Duvessa, but do no damage.
Duvessa is moderately wounded.
Duvessa closely misses you.
Unknown command.
Unknown command.
You hit Duvessa.
Duvessa is heavily wounded.
Duvessa hits you with a +0 rapier!
You die...

#........#
#.####..
########.#
#.######
#.#
#.......
#.#
########
#.# #.#
#.#
#e######.#
#..@e....#
#.########
###


You could see Duvessa (fast) and Dowan.

Vanquished Creatures
  3 orc wizards (D:3)
  2 adders
  2 dart slugs (D:2)
  2 orcs (D:3)
  2 ball pythons (D:1)
  5 endoplasms
  4 giant cockroaches
  6 goblins
  4 hobgoblins
  3 jackals (D:2)
  A quokka (D:1)
  5 bats
  4 frilled lizards
  7 kobolds
  6 rats
56 creatures vanquished.

Notes
Turn   | Place    | Note
-------+----------+-------------------------------------------
     0 | D:1      | ZappyNine the Draconian Transmuter began the quest for the
                  | Orb.
     0 | D:1      | Reached XP level 1. HP: 16/16 MP: 3/3
     3 | D:1      | Noticed an electric eel
     4 | D:1      | Noticed an electric eel
   227 | D:1      | Found a faded altar of an unknown god.
   523 | D:1      | Reached XP level 2. HP: 24/24 MP: 3/5
   568 | D:1      | Learned a level 2 spell: Wereblood
   605 | D:1      | Found Pocimn's General Store.
  1291 | D:2      | Reached XP level 3. HP: 29/30 MP: 4/6
  1976 | D:3      | Found a shimmering altar of Xom.
  2049 | D:3      | Reached XP level 4. HP: 37/37 MP: 3/7
  2518 | D:3      | Reached XP level 5. HP: 24/42 MP: 7/9
  3100 | D:4      | Learned a level 3 spell: Spider Form
  3275 | D:4      | Noticed Duvessa
  3275 | D:4      | Noticed Dowan
  3284 | D:4      | HP: 2/42 [Duvessa/+0 rapier (5)]
  3286 | D:4      | Slain by Duvessa

Illustrated notes

Levels and vault maps discovered:
D:1:      arrival_aquarium_b, layout_loops_ring, serial_shops, shop,
          shapermc_ecumenical_altar_mp_urbaneastern,
          amcnicky_mini_corridor_feature
D:2:      layout_loops_corners
D:3:      layout_loops_ring, old_standard_altar
D:4:      layout_basic, lemuel_doored_altar, serial_glass, glass_columns_a,
          glass_columns_a, glass_columns_c, glass_columns_b, glass_columns_b,
          glass_columns_a, goddamned_bats, uniq_grinder, uniq_duvessa

Skill      XL: |  1  2  3  4  5 |
---------------+----------------+-----
Fighting       | 2 |  2.7
Transmutations | 3 |  3.1
Spellcasting   | 3 |  3.0
Dodging        | |  1.7
Unarmed Combat | |  3.8
Poison Magic   | |  0.1

Action                   |  1- 3 |  4- 6 || total
-------------------------+-------+-------++-------
Melee: Unarmed           |    91 |    86 ||   177
       Kick              |    10 |    10 ||    20
       Tailslap          |     8 |     5 ||    13
       Headbutt          |     4 |     7 ||    11
 Cast: Beastly Appendage |    21 |     6 ||    27
       Wereblood         |     5 |     3 ||     8
  Use: Scroll            |     4 |     2 ||     6
Armor: Skin              |    32 |    22 ||    54
Dodge: Dodged            |    46 |    42 ||    88

Table legend: (Time is in decaauts)
 A = Elapsed time spent in this place.
 B = Non-inter-level travel time spent in this place.
 C = Inter-level travel time spent in this place.
 D = Time resting spent in this place.
 E = Time spent auto-exploring this place.
 F = Levels seen in this place.
 G = Mean time per level.
                   A        B        C        D        E       F      G
               +--------+--------+--------+--------+--------+-----+--------+
         Total |   3273 |   3181 |     92 |      6 |   2794 |   4 |  818.2 |
       Dungeon |   3273 |   3181 |     92 |      6 |   2794 |   4 |  818.2 |
               +--------+--------+--------+--------+--------+-----+--------+

Top non-repeatable levels by time:
     D:3: 1156 daAuts
     D:2: 1044 daAuts
     D:1: 827 daAuts
     D:4: 245 daAuts
